 Dungeon Crawl Stone Soup version 0.29-a0-321-gf1c400731a (webtiles) character file.

Game seed: 6054319692950701418

7 sokol815 the Chopper (level 1, -1/18 HPs)
             Began as a Demonspawn Monk on Apr 5, 2022.
             Slain by a goblin
             ... wielding a +0 club
              (4 damage)
             ... on level 1 of the Dungeon.
             The game lasted 00:00:20 (117 turns).

sokol815 the Chopper (Demonspawn Monk)               Turns: 117, Time: 00:00:20

Health: -1/18      AC:  2    Str: 11    XL:     1   Next: 83%
Magic:  1/1        EV: 12    Int: 11    God:
Gold:   0          SH:  0    Dex: 15    Spells: 0/0 levels left

rFire   . . .      SeeInvis .   a - +0 hand axe
rCold   . . .      Faith    .   (no shield)
rNeg    . . .      Spirit   .   b - +0 robe
rPois   .          Reflect  .   (no helmet)
rElec   .          Harm     .   (no cloak)
rCorr   .          Rampage  .   (no gloves)
Will    .....                   (no boots)
Stlth   ++........              (no amulet)
HPRegen 0.06/turn               (no ring)
MPRegen 0.07/turn               (no ring)

@: no status effects
A: no striking features
a: no special abilities


You were on level 1 of the Dungeon.
You visited 1 branch of the dungeon, and saw 1 of its levels.

Inventory:

Hand Weapons
 a - a +0 hand axe (weapon)
Armour
 b - a +0 robe (worn)
Potions
 c - a potion of degeneration {unknown}
 G - a potion of ambrosia {!q}


   Skills:
 - Level 3.0 Fighting
 + Level 3.1 Axes
 - Level 2.6 Dodging
 - Level 1.7 Stealth


You couldn't memorise any spells.
You didn't know any spells.
Your spell library was empty.

Dungeon Overview and Level Annotations

Branches:
Dungeon (1/15)

Altars:


Message History

Welcome, sokol815 the Demonspawn Monk.
Are you destined to find the terrific Orb of Zot, or to die trying?
Found a bubbling dark potion.
Found a staircase leading out of the dungeon.
c - a bubbling dark potion You open the door.
There is an open door here.
A jackal comes into view.
The jackal barks!
A jackal comes into view.
You barely miss the jackal.
The jackal bites you but does no damage.
You completely miss the jackal. The jackal barely misses you.
The jackal bites you but does no damage.
You hit the jackal. x2; The jackal closely misses you.
The jackal barely misses you.
You hit the jackal.
You kill the jackal!
You hit the jackal.
The jackal bites you but does no damage. x2
You barely miss the jackal.
The jackal bites you but does no damage.
The jackal bites you.
You take 2 damage, and have 16/18 hp.
You barely miss the jackal. The jackal closely misses you.
You hit the jackal. The jackal closely misses you. The jackal bites you.
You take 1 damage, and have 15/18 hp.
You hit the jackal.
You kill the jackal!
No target in view!
No target in view!
You see here a jackal corpse.
A jackal comes into view.
Health restored: 18 A bat comes into view.
A goblin comes into view. It is wielding a +0 club.
A jackal and a goblin come into view.
You barely miss the jackal. The jackal barely misses you.
The jackal misses you.
You barely miss the jackal. The bat hits you. The jackal misses you.
You take 1 damage, and have 17/18 hp.
You hit the jackal. You barely miss the bat. The bat barely misses you. x2
The jackal bites you. The jackal closely misses you.
You take 1 damage, and have 16/18 hp.
You barely miss the jackal. You hit the goblin. The jackal misses you.
The goblin hits you but does no damage. The jackal barely misses you.
You hit the goblin but do no damage. You closely miss the bat.
The bat hits you but does no damage. The goblin hits you with a +0 club.
You take 3 damage, and have 14/18 hp.
You hit the goblin. The goblin closely misses you.
The goblin barely misses you.
You barely miss the goblin. Your punch misses the goblin.
The goblin closely misses you.
You hit the goblin.
You kill the goblin!
The bat barely misses you.
Your Axes skill increases to level 3!
You hit the jackal.
You kill the jackal!
The bat hits you but does no damage.
The goblin shouts!
Things that are here:
a +0 club; a jackal corpse; a goblin corpse A kobold comes into view.
It is wielding a +0 dagger.
The kobold shouts!
The bat hits you but does no damage. The bat barely misses you.
The bat barely misses you.
The jackal barks!
The bat closely misses you. The bat hits you. The jackal bites you.
You take 2 damage, and have 12/18 hp.
The jackal attacks as you move away! The jackal barely misses you.
The bat hits you but does no damage. The jackal closely misses you. x2
The goblin attacks as you move away! The goblin closely misses you.
The bat barely misses you. The bat closely misses you.
Things that are here:
a +0 club; a jackal corpse; a goblin corpse The bat barely misses you.
You hit the bat.
You kill the bat!
The jackal bites you but does no damage.
You closely miss the jackal. The jackal barely misses you.
The jackal closely misses you. The goblin closely misses you.
You hit the jackal but do no damage. You closely miss the goblin.
The jackal bites you but does no damage.
The goblin hits you with a +0 club.
You take 4 damage, and have 9/18 hp.
MASSIVE DAMAGE!!
You closely miss the goblin. You barely miss the jackal.
The jackal barely misses you. The jackal misses you.
The goblin closely misses you.
You hit the goblin. You closely miss the jackal. The jackal bites you.
The goblin hits you but does no damage. The jackal bites you.
You take 3 damage, and have 6/18 hp.
You closely miss the goblin. You closely miss the jackal. The jackal bites you.
* * * LOW HITPOINT WARNING * * *
The goblin hits you with a +0 club.
You die...

#.†...####.....#...##
#####..#### ###.###....##
.........### #####......#
######.....###.+.....<.....
###.....#.#####......#
##........####....##
#.......... #...##
#..g.....####..##
##@#.###....#.##
######h#....(...#+#
.......K..........
..................
..................
##.##.#........... ..
#............. .
..##......$.... ..
##..........


You could see a jackal, a goblin and a kobold.

Vanquished Creatures
  A bat (D:1)
  A goblin (D:1)
  3 jackals (D:1)
5 creatures vanquished.

Vanquished Creatures (others)
  2 demonic plants (D:1)
2 creatures vanquished.

Grand Total: 7 creatures vanquished

Notes
Turn   | Place    | Note
-------+----------+-------------------------------------------
     0 | D:1      | sokol815 the Demonspawn Monk began the quest for the Orb.
     0 | D:1      | Reached XP level 1. HP: 18/18 MP: 1/1
   103 | D:1      | Reached skill level 3 in Axes
   117 | D:1      | HP: 3/18 [jackal (3)]
   117 | D:1      | Slain by a goblin

Illustrated notes

Levels and vault maps discovered:
D:1:      mrwooster_arrival_arrow, layout_rooms, shapermc_ecumenical_altar_gd

Skill      XL: |  1 |
---------------+----+-----
Axes           | 3 |  3.1
Fighting       | |  3.0
Dodging        | |  2.6
Stealth        | |  1.7

Action                   || total
-------------------------++-------
Melee: Hand axe          ||    23
Armor: Robe              ||    13
Dodge: Dodged            ||    33

Table legend: (Time is in decaauts)
 A = Elapsed time spent in this place.
 B = Non-inter-level travel time spent in this place.
 C = Inter-level travel time spent in this place.
 D = Time resting spent in this place.
 E = Time spent auto-exploring this place.
 F = Levels seen in this place.
 G = Mean time per level.
                   A        B        C        D        E       F      G
               +--------+--------+--------+--------+--------+-----+--------+
         Total |    120 |    120 |      0 |      0 |     75 |   1 |  120.0 |
       Dungeon |    120 |    120 |      0 |      0 |     75 |   1 |  120.0 |
               +--------+--------+--------+--------+--------+-----+--------+

Top non-repeatable levels by time:
     D:1: 120 daAuts

Table legend:
 A = Kills in this place as a percentage of kills in entire the game.
 B = Kills by you in this place as a percentage of kills by you in the entire game.
 C = Kills by friends in this place as a percentage of kills by friends in the entire game.
 D = Other kills in this place as a percentage of other kills in the entire game.
 E = Experience gained in this place as a percentage of experience gained in the entire game.
 F = Experience gained in this place divided by the number of levels of this place that you have seen.
                   A       B       C       D       E      F
               +-------+-------+-------+-------+-------+----------------------
         Total | 100.0 | 100.0 |   N/A |   N/A | 100.0 |  10.0
       Dungeon | 100.0 | 100.0 |   N/A |   N/A | 100.0 |  10.0
               +-------+-------+-------+-------+-------+----------------------
